 Dungeon Crawl Stone Soup version 0.29-a0-25-g7f48f510a0 (webtiles) character file.

Game seed: 8350908882264107015

12349 testman the Fighter (level 11, -6/114 (118) HPs)
             Began as a White Draconian Transmuter on Jan 31, 2022.
             Was a High Priest of Dithmenos.
             Mangled by a death scarab (25 damage)
             ... in a Gauntlet.
             The game lasted 00:50:05 (12992 turns).

testman the Fighter (White Draconian Transmuter)   Turns: 12992, Time: 00:50:09

HP:   -6/114 (118)  AC:  8    Str: 12    XL:     11   Next: 61%
MP:   28/28         EV: 14    Int: 19    God:    Dithmenos [*****.]
Gold: 655           SH:  0    Dex: 11    Spells: 12/21 levels left

rFire   x . .      SeeInvis +     - Unarmed
rCold   + + +      Faith    .   (shield currently unavailable)
rNeg    . . .      Spirit   .   (armour unavailable)
rPois   +          Reflect  .   (helmet currently unavailable)
rElec   .          Harm     .   (cloak currently unavailable)
rCorr   .          Rampage  .   (gloves currently unavailable)
Will    .....      NoTele   +   (boots currently unavailable)
Stlth   ++........              r - amulet of the Cockatrice {Regen+ MP+9}
HPRegen 1.09/turn               E - ring of see invisible
MPRegen 0.21/turn               S - +4 ring of evasion

@: mighty, ice-form (expiring), wereblooded, on berserk cooldown, slowed,
wreathed by umbra, lightly drained, invisible, very slow
A: freezing attack, amphibious, boosted hp, (breathe frost), AC +7, large,
unfitting armour, (cold resistance 1), (cold-blooded)
a: End Transformation, Renounce Religion, Shadow Step, Shadow Form


You were in a Gauntlet.
You worshipped Dithmenos.
Dithmenos was extremely pleased with you.
You were a creature of crystalline ice.
You visited 1 branch of the dungeon, and saw 11 of its levels.
You also visited: Sewer and Gauntlet.

You collected 655 gold pieces.

Inventory:

Hand Weapons
 I - a +0 vorpal hunting sling
Missiles
 e - 413 stones
 o - 36 poisoned darts
 D - a curare-tipped dart
Armour
 f - a +0 cloak (melded)
 l - a +2 pair of gloves (melded)
 T - a +0 pair of boots (melded)
Jewellery
 r - the amulet of the Cockatrice (around neck) {Regen+ MP+9}
   (You acquired it on level 11 of the Dungeon)

   [amulet of regeneration]

   MP:        It affects your magic capacity (+9).
   Regen:     It increases your rate of health regeneration.
 A - an amulet of the acrobat
 B - a ring of willpower
 E - a ring of see invisible (left front paw)
 S - a +4 ring of evasion (right front paw)
Wands
 p - a wand of mindburst (34)
 y - a wand of flame (13)
 F - a wand of iceblast (18)
 K - a wand of paralysis (6)
 N - a wand of polymorph (8)
 R - a wand of digging (4)
Scrolls
 a - 2 scrolls of fear
 b - 5 scrolls of teleportation
 h - 2 scrolls of summoning
 k - 6 scrolls of amnesia
 n - 6 scrolls of enchant weapon
 t - a scroll of enchant armour {unknown}
 v - a scroll of vulnerability {unknown}
 x - 2 scrolls of brand weapon
 H - 2 scrolls of fog {unknown}
 J - a scroll of blinking {unknown}
 M - a scroll of silence {unknown}
 Q - a scroll of magic mapping {unknown}
Potions
 c - 5 potions of cancellation
 g - a potion of heal wounds {unknown}
 i - 7 potions of curing
 j - 3 potions of brilliance
 m - a potion of lignification {unknown}
 q - a potion of magic {unknown}
 s - 3 potions of invisibility
 u - 3 potions of mutation
 w - 5 potions of resistance
 C - 5 potions of flight
 P - 2 potions of attraction


   Skills:
 + Level 9.8 Fighting
 - Level 1.7 Dodging
 + Level 9.4 Unarmed Combat
 + Level 5.6 Spellcasting
 + Level 8.5 Transmutations
 - Level 6.0 Ice Magic
 + Level 4.7 Earth Magic
 + Level 7.0 Invocations


You had 12 spell levels left.
You knew the following spells:

 Your Spells              Type           Power      Damage    Failure   Level
a - Beastly Appendage     Tmut           74%        N/A       1%          1
b - Wereblood             Tmut           37%        N/A       1%          2
c - Ice Form              Ice/Tmut       33%        N/A       6%          4
d - Passwall              Tmut/Erth      25%        N/A       1%          2

Your spell library contained the following spells:

 Spells                   Type           Power      Damage    Failure   Level
 Sandblast                Erth           46%        2d11      1%          1
 Spider Form              Tmut/Pois      21%        N/A       6%          3
 Animate Skeleton         Necr           10%        N/A       12%         1
 Apportation              Tloc           10%        N/A       12%         1
 Summon Small Mammal      Summ           20%        N/A       12%         1
 Stone Arrow              Conj/Erth      28%        3d8       13%         3
 Lee's Rapid Deconstruct  Erth           11%        3d9*      43%         5
 Fulminant Prism          Conj/Hex       2%         3d6       75%         4
 Iskenderun's Mystic Bla  Conj/Tloc      5%         2d3       75%         4


Dungeon Overview and Level Annotations

Branches:
Dungeon (11/15)            Temple (0/1) D:7           Sewer (visited)
Gauntlet (1/1)
   Lair: D:8-11         Orc: D:9-12

Altars:
Cheibriados
Dithmenos
Fedhas
Hepliaklqana
Qazlal
Wu Jian
Yredelemnul

Shops:
D:4 (

Annotations:
Gauntlet 11 transporters, exclusion: obsidian statue


Innate Abilities, Weirdness & Mutations

You are a creature of crystalline ice.
You have a powerful freezing melee attack.
You are amphibious.
Your maximum health is increased.
Your armour is entirely melded.
You are incapable of wielding weapons or throwing items.
((You can breathe waves of freezing cold which knock back foes.))
((Your icy white scales are hard. (AC +7)))
You cannot fit into any form of body armour.
((Your flesh is cold resistant. (rC+)))
((You are cold-blooded and may be slowed by cold attacks.))


Message History

You feel a bit better.
You destroy the spectral death yak!
Dithmenos accepts your kill. The death scarab bites you!!
* * * LOW HITPOINT WARNING * * *
The death scarab drains your vigour!
You feel yourself slow down.
The death scarab draws strength from your injuries!
Your Invocations skill increases to level 7!
Press: ? - help, v - describe, . - travel
Here: a death scarab (umbra)
The floor.
You fade into invisibility!
The death scarab completely misses you. The death scarab closely misses you.
The death scarab barely misses you.
You see here a lumpy amethyst potion.
q - a lumpy amethyst potion The death scarab barely misses you.
You howl as the wereblood boils in your veins!
The death scarab bites you!
* * * LOW HITPOINT WARNING * * *
The death scarab drains your vigour!
You feel as though you will be slow longer.
The death scarab draws strength from your injuries!
Your transformation is almost over.
There is a transporter landing site here.
The death scarab waves its antennae.
It was a potion of berserk rage.
A red film seems to cover your vision as you go berserk!
You feel yourself moving faster!
You feel mighty!
You are too berserk!
You feel a strong urge to attack something.
Okay, then.
The death scarab closely misses you.
You feel your anger nearly subside.
You are no longer berserk.
You are exhausted.
You feel as though you will be slow longer.
The white imp shouts, "Decamp, thou peeagling half-faced bounder!"
You hear a shout!
The death scarab bites you!!
You die...

## ### ### ### ### ### ###
##≈###≈###≈###≈###≈###≈###≈#
#≈≈≈#≈≈≈#≈≈≈#≈≈≈#≈≈≈#≈≈≈#≈≈≈
#≈.........................
##.#########...#########...
##≈.#.##.#.(#.8.#...55pp#.8.
#≈≈.##..##.##...#p##.##|#...
##≈.##.#..########..#..#####
##©#.##©#.Y#©.©#5##©##©#©.©
##..##..##B##.8.##..#..##.8.
##...##.#..###...#.##.##.#...
##≈.∩.#.##.#..#.8.#..
##≈≈...#########...###
#≈≈≈.8.........#.8....
##≈≈...#########...###
##≈.∩.#.yyyyy.#.8.#..
##...#..####[#...#...8..[#...


You could see a wizard, a queen bee, a death scarab, 3 killer bees and a white
imp.

Vanquished Creatures
  Erolcha (D:9)
  3 two-headed ogres
  A spectral death yak (Gauntlet)
  Pikel (D:5)
  Maggie (D:9)
  A troll (D:9)
  2 hornets
  Prince Ribbit (D:9)
  Grinder (D:5)
  Sigmund (D:5)
  A wyvern (D:9)
  22 yaks
  2 wraiths (D:11)
  2 steam dragons
  Edmund (D:6)
  3 water moccasins
  3 orc warriors
  A hornet zombie (D:6)
  2 sky beasts
  An ice beast (D:8)
  An ogre (D:7)
  A centaur (D:8)
  2 lemures (D:5)
  A phantom (D:7)
  5 bullfrogs
  2 kobold brigands
  2 scorpions
  A wyvern zombie (D:8)
  A water moccasin skeleton (D:4)
  11 wights
  A howler monkey (D:10)
  A centaur zombie (D:9)
  3 centaur skeletons
  A bullfrog zombie (D:6)
  2 jellies
  3 orc priests
  A gnoll shaman (D:6)
  A hound (D:6)
  2 iguanas (D:6)
  A scorpion zombie (D:5)
  7 orc wizards
  Terence (D:3)
  3 killer bee zombies
  3 hound skeletons (D:5)
  2 howler monkey zombies
  A howler monkey skeleton (D:5)
  13 adders
  9 gnolls (D:6)
  7 river rats
  A white imp (D:7)
  An ufetubus (D:5)
  An adder zombie (D:5)
  9 worms
  2 dart slugs
  23 orcs
  3 bats
  8 endoplasms
  8 giant cockroaches
  6 goblins
  8 hobgoblins
  11 jackals
  14 kobolds
  4 quokkas
  15 ball pythons
  9 frilled lizards
  33 rats
  A spectral hobgoblin (D:3)
297 creatures vanquished.

Vanquished Creatures (others)
  A demonic plant (Gauntlet)
1 creature vanquished.

Grand Total: 298 creatures vanquished

Notes
Turn   | Place    | Note
-------+----------+-------------------------------------------
     0 | D:1      | testman the Draconian Transmuter began the quest for the
                  | Orb.
     0 | D:1      | Reached XP level 1. HP: 16/16 MP: 3/3
     9 | D:1      | Found a faded altar of an unknown god.
    18 | D:1      | Prayed at the altar of an unknown god.
    18 | D:1      | Became a worshipper of Dithmenos the Shadowed
    18 | D:1      | Reached * piety under Dithmenos
   245 | D:1      | Reached XP level 2. HP: 24/24 MP: 5/5
   249 | D:1      | Learned a level 2 spell: Wereblood
   815 | D:1      | Reached XP level 3. HP: 30/30 MP: 4/6
  1223 | D:2      | Reached ** piety under Dithmenos
  1435 | D:2      | Reached XP level 4. HP: 37/38 MP: 5/7
  2018 | D:3      | Noticed Terence
  2031 | D:3      | Killed Terence
  2235 | D:3      | Found a hazy altar of Hepliaklqana.
  2576 | D:3      | Identified the +4 ring mail of Panentheism {rCorr Stlth+}
  2655 | D:3      | Reached XP level 5. HP: 46/46 MP: 8/8
  2928 | D:4      | Learned a level 4 spell: Ice Form
  3059 | D:4      | Found Kohantat's Weapon Shoppe.
  3469 | D:4      | Reached *** piety under Dithmenos
  3555 | D:4      | Reached skill level 5 in Unarmed Combat
  3555 | D:4      | Reached skill level 1 in Ice Magic
  3555 | D:4      | Reached XP level 6. HP: 39/53 MP: 4/9
  4020 | D:5      | Entered Level 5 of the Dungeon
  4020 | D:5      | Noticed Sigmund
  4110 | D:5      | Noticed Grinder
  4112 | D:5      | Paralysed by Grinder for 6 turns
  4122 | D:5      | Noticed a water moccasin
  4126 | D:5      | Killed Grinder
  4128 | D:5      | Killed a water moccasin
  4129 | D:5      | Reached skill level 5 in Fighting
  4129 | D:5      | Your scales start taking on an icy white colour.
  4129 | D:5      | Reached XP level 7. HP: 61/61 MP: 8/10
  4129 | D:5      | Gained mutation: Your flesh is cold resistant. (rC+) [White
                  | Draconian growth]
  4140 | D:5      | Found a stormy altar of Qazlal.
  4456 | D:5      | Found a glowing drain.
  4472 | Sewer    | Entered a sewer
  4676 | Sewer    | Reached **** piety under Dithmenos
  4799 | Sewer    | Reached XP level 8. HP: 45/70 MP: 7/11
  5008 | D:5      | Noticed Pikel
  5054 | D:5      | Killed Pikel
  5055 | D:5      | Reached skill level 5 in Transmutations
  5055 | D:5      | Reached skill level 5 in Ice Magic
  5511 | D:5      | Killed Sigmund
  5512 | D:5      | Reached skill level 1 in Invocations
  5739 | D:6      | Noticed Edmund
  5760 | D:6      | Killed Edmund
  5935 | D:6      | Reached XP level 9. HP: 51/78 MP: 12/12
  6082 | D:6      | Found a basalt altar of Yredelemnul.
  6560 | D:6      | Reached ***** piety under Dithmenos
  7771 | D:7      | Noticed a two-headed ogre
  7778 | D:7      | Killed a two-headed ogre
  7981 | D:7      | Reached XP level 10. HP: 88/88 MP: 8/14
  8185 | D:7      | Found an ornate altar of the Wu Jian Council.
  8246 | D:7      | Learned a level 2 spell: Passwall
  8341 | D:7      | Found a staircase to the Ecumenical Temple.
  8667 | D:7      | Found a shadowy altar of Dithmenos.
  8667 | D:7      | Found a blossoming altar of Fedhas.
  8851 | D:8      | Reached skill level 1 in Earth Magic
  8855 | D:8      | Reached skill level 5 in Invocations
  9612 | D:8      | Noticed a two-headed ogre
  9630 | D:8      | Killed a two-headed ogre
 10566 | D:9      | Identified the +1 falchion of Gerghenyo {vorpal, Int+3}
 10588 | D:9      | Noticed Maggie
 10603 | D:9      | Killed Maggie
 11022 | D:9      | Noticed Erolcha
 11063 | D:9      | Killed Erolcha
 11064 | D:9      | Reached XP level 11. HP: 57/97 MP: 16/18
 11305 | D:9      | Noticed Prince Ribbit
 11318 | D:9      | Killed Prince Ribbit
 11508 | D:10     | Entered Level 10 of the Dungeon
 11891 | D:9      | Reached skill level 5 in Spellcasting
 12332 | D:10     | Found a snail-covered altar of Cheibriados.
 12580 | D:11     | Identified a scroll of acquirement
 12580 | D:11     | Acquired the amulet of the Cockatrice {Regen+ MP+9}
 12693 | D:11     | Noticed a two-headed ogre
 12705 | D:11     | Killed a two-headed ogre
 12825 | D:11     | Found a gate leading to a gauntlet.
 12836 | Gauntlet | Entered a Gauntlet
 12836 | Gauntlet | Noticed a death scarab
 12836 | Gauntlet | Found a transporter.
 12836 | Gauntlet | Found a transporter.
 12845 | Gauntlet | Found a transporter.
 12848 | Gauntlet | Found a transporter.
 12856 | Gauntlet | Found a transporter.
 12858 | Gauntlet | Noticed a wizard
 12860 | Gauntlet | Found a transporter.
 12868 | Gauntlet | Found a transporter.
 12885 | Gauntlet | Found a transporter.
 12888 | Gauntlet | Noticed an obsidian statue
 12903 | Gauntlet | Found a transporter.
 12904 | Gauntlet | Found a transporter.
 12912 | Gauntlet | Found a transporter.
 12916 | Gauntlet | Found a transporter.
 12992 | Gauntlet | Mangled by a death scarab

Illustrated notes

Levels and vault maps discovered:
D:1:      dpeg_arrival_tiny_i, layout_basic,
          chequers_ecumenical_altar_simple_redux
D:2:      layout_rooms, nicolae_elevator_lobby_plus
D:3:      layout_loops_ring, nicolae_hepliaklqana_monster_ancestors,
          uniq_terence
D:4:      layout_loops_ring, serial_shops, shop_statue,
          chequers_serial_rivers_large_b, kennysheep_another_room
D:5:      layout_cave_pods, grunt_qazlal_clouds, lightli_sewer_entry_pipes,
          uniq_pikel, uniq_grinder, uniq_sigmund
D:6:      layout_basic, mainiacjoe_overflow_24_doors, uniq_edmund
D:7:      layout_basic, nicolae_wu_jian_wuxing_cycle,
          chequers_temple_overflow_statue_of_worship,
          minmay_temple_entry_nine_rooms
D:8:      layout_layer_cave, wad_floor_pattern_untrapped,
          minmay_chambers_of_fives
D:9:      layout_rooms, uniq_maggie, uniq_erolcha, uniq_prince_ribbit1
D:10:     layout_rooms, mainiacjoe_overflow_tiny_flanked, grunt_ministairs_9
D:11:     layout_rooms, david_lair_shrubbed, gauntlet_entry_generic,
          serial_shops, shop
Gauntlet: minmay_gauntlet_77_indecision
          [minmay_gauntlet_arena_77_tiled_triplets,
          minmay_gauntlet_arena_77_box, minmay_gauntlet_arena_77_braids,
          minmay_gauntlet_arena_77_terracotta_army,
          minmay_gauntlet_arena_77_two_paths, minmay_gauntlet_arena_77_squiggly,
          dreamdust_gauntlet_exit_labyrinth]

Skill      XL: |  1  2  3  4  5  6  7  8  9 10 11 |
---------------+----------------------------------+-----
Fighting       | 2 3 4 5 6 8 9 |  9.8
Unarmed Combat | 4 5 6 7 8 9 |  9.4
Ice Magic      | 1 3 4 5 6 |  6.0
Transmutations | 3 4 5 6 7 8 |  8.5
Invocations    | 2 4 6 7 |  7.0
Spellcasting   | 3 4 5 |  5.6
Earth Magic    | 3 4 |  4.7
Dodging        | |  1.7

Action                   |  1- 3 |  4- 6 |  7- 9 | 10-12 || total
-------------------------+-------+-------+-------+-------++-------
Melee: Unarmed           |   150 |   141 |   387 |   239 ||   917
       Tailslap          |     9 |    12 |    33 |       ||    54
       Kick              |    23 |    37 |    66 |       ||   126
       Headbutt          |    11 |    14 |    50 |       ||    75
       Punch             |     3 |     3 |    12 |       ||    18
 Cast: Beastly Appendage |    19 |    28 |    26 |       ||    73
       Wereblood         |       |     1 |    14 |    13 ||    28
       Ice Form          |       |       |    11 |    24 ||    35
Invok: Shadow Step       |       |       |       |     1 ||     1
 Abil: Breathe Frost     |       |       |    14 |    16 ||    30
Evoke: Wand              |       |     4 |       |       ||     4
  Use: Scroll            |       |     5 |       |    15 ||    20
       Potion            |       |       |       |     4 ||     4
 Stab: Sleeping          |     2 |     1 |       |       ||     3
Armor: Skin              |    37 |    28 |   134 |    60 ||   259
Dodge: Dodged            |   104 |    92 |   273 |   148 ||   617

Table legend: (Time is in decaauts)
 A = Elapsed time spent in this place.
 B = Non-inter-level travel time spent in this place.
 C = Inter-level travel time spent in this place.
 D = Time resting spent in this place.
 E = Time spent auto-exploring this place.
 F = Levels seen in this place.
 G = Mean time per level.
                   A        B        C        D        E       F      G
               +--------+--------+--------+--------+--------+-----+--------+
         Total |  13022 |  12614 |    408 |   2004 |   8266 |  13 | 1001.7 |
       Dungeon |  12381 |  11973 |    408 |   1877 |   8061 |  11 | 1125.5 |
         Sewer |    476 |    476 |      0 |    127 |    110 |   1 |  476.0 |
      Gauntlet |    164 |    164 |      0 |      0 |     94 |   1 |  164.0 |
               +--------+--------+--------+--------+--------+-----+--------+

Top non-repeatable levels by time:
     D:8: 2078 daAuts
     D:6: 1784 daAuts
     D:7: 1316 daAuts
     D:5: 1223 daAuts
     D:4: 1211 daAuts
     D:1: 1159 daAuts
     D:3: 1043 daAuts
     D:9: 984 daAuts
    D:10: 672 daAuts
     D:2: 649 daAuts
   Sewer: 476 daAuts
    D:11: 256 daAuts
Gauntlet: 164 daAuts
